 Dungeon Crawl Stone Soup version 0.23.0 (webtiles) character file.

Game seed: 13597660222166384191

58 redwoodhats the Gusty (level 3, 0/26 HPs)
             Began as a Demigod Air Elementalist on Feb 10, 2019.
             Succumbed to an adder's poison
             ... on level 2 of the Dungeon.
             The game lasted 00:09:24 (1343 turns).

redwoodhats the Gusty (Demigod Air Elementalist)    Turns: 1343, Time: 00:09:25

Health: 0/26       AC:  5    Str: 14    XL:     3   Next: 52%
Magic:  6/8        EV: 13    Int: 21    God:
Gold:   80         SH:  0    Dex: 16    Spells: 5/6 levels left

rFire    . . .     SeeInvis .   g - +2 short sword (venom)
rCold    . . .     Gourm    .   (no shield)
rNeg     . . .     Faith    .   a - +0 robe
rPois    .         Spirit   .   k - +1 helmet (curse)
rElec    .         Reflect  .   (no cloak)
rCorr    .         Harm     .   h - +0 pair of gloves
MR       .....                  (no boots)
Stlth    ++........             (no amulet)
HPRegen  0.08/turn              d - +3 ring of strength
MPRegen  0.11/turn              (no ring)

@: lethally poisoned (0 -> -2)
A: high mp 1
a: no special abilities


You were on level 2 of the Dungeon.
You were not hungry.

You visited 1 branch of the dungeon, and saw 2 of its levels.

You collected 80 gold pieces.

Inventory:

Hand Weapons
 g - a +2 short sword of venom (weapon)
Missiles
 i - 4 tomahawks (quivered)
Armour
 a - a +0 robe (worn)
 h - a +0 pair of gloves (worn)
 k - a cursed +1 helmet (worn)
Jewellery
 d - a +3 ring of strength (left hand)
 f - an uncursed ring of positive energy {unknown}
Scrolls
 e - a scroll of identify
Comestibles
 c - 2 rations


   Skills:
 + Level 0.9 Short Blades
 + Level 2.3 Dodging
 + Level 2.3 Stealth
 + Level 0.1 Unarmed Combat
 + Level 2.0 Spellcasting
 + Level 1.0 Conjurations
 + Level 3.3 Air Magic


You had 5 spell levels left.
You knew the following spells:

 Your Spells              Type           Power        Failure   Level  Hunger
a - Shock                 Conj/Air       ##..         6%          1    #......

Your spell library contained the following spells:

 Spells                   Type           Power        Failure   Level  Hunger
 Swiftness                Chrm/Air       #.......     12%         2    ##.....
 Static Discharge         Conj/Air       ##......     19%         3    ###....
 Airstrike                Air            ###.......   36%         4    #####..
 Lightning Bolt           Conj/Air       ##........   86%         5    ######.


Dungeon Overview and Level Annotations

Branches:
Dungeon (2/15)


Innate Abilities, Weirdness & Mutations

You have an increased reservoir of magic. (+10% MP)


Message History

* * * LOW HITPOINT WARNING * * *
You feel sick.
There is an open door here.
* * * LOW HITPOINT WARNING * * *
You feel sick.
* * * LOW HITPOINT WARNING * * *
You feel sick.
* * * LOW HITPOINT WARNING * * *
You feel sick.
You aren't carrying any potions.
* * * LOW HITPOINT WARNING * * *
You feel sick.
Found a scroll labeled LIBRUL ZUWAHE.
* * * LOW HITPOINT WARNING * * *
You feel sick.
You see here a scroll labeled LIBRUL ZUWAHE.
As you read the scroll labeled BIALAQ NE GILO, it crumbles to dust.
It is a scroll of enchant armour.
Your cursed +0 helmet glows green for a moment.
You die...

#....# #### #.##.#
#... ####.##.#
#.## #....##.# #.#
#.#####'#######.#
#.#.............#
#.#..........####
#?#........>......
#@#...............
#.......####......
#######.# #.#####
... #.# ##.. #.#


There were no monsters in sight!

Vanquished Creatures
  A worker ant (D:2)
  An adder (D:2)
  A dart slug (D:2)
  A leopard gecko (D:1)
  6 bats
  3 goblins (D:1)
  4 jackals (D:2)
  A kobold (D:1)
  A quokka (D:2)
  3 frilled lizards (D:1)
  3 rats
25 creatures vanquished.

Notes
Turn   | Place    | Note
-------+----------+-------------------------------------------
     0 | D:1      | redwoodhats the Demigod Air Elementalist began the quest
                  | for the Orb.
     0 | D:1      | Reached XP level 1. HP: 14/14 MP: 5/5
   417 | D:1      | Reached XP level 2. HP: 20/20 MP: 4/7
   506 | D:1      | Reached skill level 3 in Air Magic
  1249 | D:2      | Reached skill level 1 in Conjurations
  1249 | D:2      | Reached XP level 3. HP: 11/26 MP: 1/8
  1339 | D:2      | HP: 1/26 [poisoned by an adder]
  1343 | D:2      | Succumbed to an adder's poison

Skill      XL: |  1  2 |
---------------+-------+-----
Dodging        | 2 |  2.3
Air Magic      | 3 |  3.3
Stealth        | 2 |  2.3
Spellcasting   | 2 |  2.0
Conjurations   | 1 |  1.0
Short Blades   | |  0.9
Unarmed Combat | |  0.1

Action                   || total
-------------------------++-------
Melee: Unarmed           ||    12
       Short sword       ||     8
 Cast: Shock             ||    39
  Use: Scroll            ||     6
 Stab: Distracted        ||     1
       Sleeping          ||     1
  Eat: Ration            ||     1
Armor: Robe              ||    12
Dodge: Dodged            ||    30
